 Dungeon Crawl Stone Soup version 0.25-a0-164-gb55e97dba5 (webtiles) character file.

Game seed: 9793596163624565484, levelgen mode: deterministic

620 mortelune the Firebug (level 7, -1/50 HPs)
             Began as a Demonspawn Fire Elementalist on Nov 22, 2019.
             Was an Initiate of Qazlal.
             Slain by Pikel
             ... wielding a +1 whip of freezing
              (4 damage)
             ... on level 5 of the Dungeon.
             The game lasted 00:10:17 (6875 turns).

mortelune the Firebug (DsFE)                        Turns: 6875, Time: 00:10:18

Health: -1/50      AC:  2    Str:  8    XL:     7   Next: 22%
Magic:  0/12       EV: 12    Int: 18    God:    Qazlal [......]
Gold:   210        SH:  4    Dex: 14    Spells: 3/13 levels left

rFire    . . .     SeeInvis .   m - +1 flail (drain)
rCold    . . .     Gourm    .   (no shield)
rNeg     + . .     Faith    .   a - +0 robe
rPois    .         Spirit   .   (no helmet)
rElec    .         Reflect  .   (no cloak)
rCorr    .         Harm     .   (no gloves)
MR       .....                  (no boots)
Stlth    ++........             (no amulet)
HPRegen  0.16/turn              n - ring of positive energy
MPRegen  0.13/turn              (no ring)

@: very slightly contaminated
A: hooves 1, large bone plates 1, demonic guardian 1
a: Renounce Religion


You were on level 5 of the Dungeon.
You worshipped Qazlal.
Qazlal was noncommittal.
You were near starving.

You visited 1 branch of the dungeon, and saw 5 of its levels.

You collected 210 gold pieces.

Inventory:

Hand Weapons
 d - a +0 club
 m - a +1 flail of draining (weapon)
Armour
 a - a +0 robe (worn)
 o - a +0 buckler
Jewellery
 n - a ring of positive energy (left hand)
 r - a +4 ring of slaying {unknown}
 s - an uncursed ring of positive energy
Scrolls
 e - 11 scrolls of identify {unknown}
 g - 5 scrolls of remove curse {unknown}
 i - a scroll of amnesia {unknown}
 u - a scroll of enchant weapon {unknown}
 v - a scroll of teleportation {unknown}
 w - a scroll of random uselessness {unknown}
 x - a scroll of fear {unknown}
Potions
 b - a potion of mutation {unknown}
 f - 2 potions of resistance {unknown}
 h - a potion of brilliance {unknown}
 j - a potion of haste {unknown}
 k - 2 potions of agility {unknown}
 l - a potion of curing {unknown}
 p - a potion of berserk rage {unknown}
 q - a potion of degeneration {unknown}
Comestibles
 c - 6 rations


   Skills:
 - Level 2.0 Fighting
 - Level 1.7 Dodging
 - Level 1.7 Stealth
 + Level 3.5 Spellcasting
 * Level 4.7 Conjurations
 * Level 5.1 Fire Magic


You had 3 spell levels left.
You knew the following spells:

 Your Spells              Type           Power        Failure   Level  Hunger
a - Flame Tongue          Conj/Fire      ###..        1%          1    None
b - Throw Flame           Conj/Fire      ###...       3%          2    ##.....
c - Conjure Flame         Conj/Fire      ###.....     6%          3    ###....
d - Sticky Flame          Conj/Fire      ###.....     21%         4    ####...

Your spell library contained the following spells:

 Spells                   Type           Power        Failure   Level  Hunger
 Inner Flame              Hex/Fire       ##......     16%         3    ###....
 Fireball                 Conj/Fire      ###.......   50%         5    ######.


Dungeon Overview and Level Annotations

Branches:
Dungeon (5/15)
 Temple: D:4-7

Altars:
Cheibriados
Okawaru
Qazlal

Annotations:
D:5 Ijyb, Pikel, Sigmund


Innate Abilities, Weirdness & Mutations

You have large cloven feet.
You are partially covered in large bone plates. (SH +4)
A weak demonic guardian rushes to your aid.


Message History

Aim: Pikel, wielding a +1 whip of freezing, wearing a +0 robe and carrying a wand of clouds (4) (severely wounded, covered in liquid flames)
The flame tongue hits Pikel but does no damage.
Pikel is severely wounded.
Pikel burns!
The slave hits you!
Pikel hits you with a +1 whip of freezing.
* * * LOW HITPOINT WARNING * * *
Pikel freezes you.
* * * LOW HITPOINT WARNING * * *
The slave hits you.
* * * LOW HITPOINT WARNING * * *
Casting: Flame Tongue (safe; 1% risk of failure)
Confirm with . or Enter, or press ? or * to list all spells.
Aiming: Flame Tongue (safe; 1% risk of failure)
Press: ? - help, Shift-Dir - straight line, f/p - Pikel
Aim: Pikel, wielding a +1 whip of freezing, wearing a +0 robe and carrying a wand of clouds (4) (severely wounded, covered in liquid flames)
The flame tongue misses Pikel.
Pikel burns!
The slave closely misses you.
Pikel hits you with a +1 whip of freezing!
* * * LOW HITPOINT WARNING * * *
Pikel freezes you.
You die...

#######
#.....##
.##...(..#
.........
#.....#
#...5@##
#...ppK#
#....g##
#.....#
#......
#...)..
#.....##
#.....#
......#


You could see Pikel (burning), 2 slaves, Ijyb and a friendly iron imp.

Vanquished Creatures
  2 slaves
  An ogre (D:4)
  2 howler monkeys (D:4)
  A bullfrog zombie (D:5)
  An orc wizard (D:4)
  A centaur skeleton (D:4)
  Natasha (twice) (D:4)
  2 worker ants (D:4)
  4 gnolls (D:2)
  A worker ant zombie (D:3)
  2 adders (D:4)
  2 adder skeletons
  2 worms
  2 dart slugs
  4 orcs
  3 giant cockroaches
  6 goblins
  5 hobgoblins (D:1)
  3 jackals (D:2)
  3 quokkas (D:4)
  2 ball pythons
  2 ball python skeletons (D:3)
  A ball python zombie (D:3)
  9 bats
  4 frilled lizards
  A giant cockroach zombie (D:3)
  A jackal skeleton (D:4)
  3 kobolds
  5 rats
77 creatures vanquished.

Vanquished Creatures (collateral kills)
  An ogre (D:4)
  3 orc wizards (D:3)
4 creatures vanquished.

Grand Total: 81 creatures vanquished

Notes
Turn   | Place    | Note
-------+----------+-------------------------------------------
     0 | D:1      | mortelune the Demonspawn Fire Elementalist began the quest
                  | for the Orb.
     0 | D:1      | Reached XP level 1. HP: 13/13 MP: 3/3
   398 | D:1      | Gained mutation: A weak demonic guardian rushes to your
                  | aid. [demonic ancestry]
   398 | D:1      | Reached XP level 2. HP: 20/20 MP: 0/5
   405 | D:1      | Learned a level 2 spell: Throw Flame
   894 | D:1      | Reached skill level 3 in Fire Magic
  1960 | D:2      | Gained mutation: You have large cloven feet. [demonic
                  | ancestry]
  1960 | D:2      | Reached XP level 3. HP: 25/25 MP: 1/6
  2014 | D:2      | Learned a level 3 spell: Conjure Flame
  2079 | D:2      | Reached skill level 1 in Fighting
  2244 | D:2      | Found an iron altar of Okawaru.
  2276 | D:2      | Found a stormy altar of Qazlal.
  2654 | D:2      | Reached XP level 4. HP: 32/32 MP: 3/7
  3303 | D:3      | Reached XP level 5. HP: 20/37 MP: 0/8
  4220 | D:3      | Found a snail-covered altar of Cheibriados.
  4502 | D:2      | Became a worshipper of Qazlal Stormbringer
  4549 | D:4      | Noticed an ogre
  4959 | D:4      | Reached skill level 4 in Fire Magic
  5511 | D:4      | Reached XP level 6. HP: 44/44 MP: 5/10
  5517 | D:4      | Learned a level 4 spell: Sticky Flame
  5518 | D:4      | Noticed Natasha
  5558 | D:4      | Killed Natasha
  6105 | D:4      | Gained mutation: You are partially covered in large bone
                  | plates. (SH +4) [demonic ancestry]
  6105 | D:4      | Reached XP level 7. HP: 50/50 MP: 4/12
  6351 | D:4      | Noticed Natasha
  6354 | D:4      | Killed Natasha
  6354 | D:4      | Reached skill level 5 in Fire Magic
  6494 | D:5      | Entered Level 5 of the Dungeon
  6494 | D:5      | Noticed Sigmund
  6633 | D:5      | Noticed Pikel
  6636 | D:5      | Noticed Ijyb
  6875 | D:5      | Slain by Pikel

Levels and vault maps discovered:
D:1:      dpeg_arrival_connections, layout_basic, minmay_pentomino_t2
D:2:      layout_basic, grunt_qazlal_sundering, lemuel_doored_altar
D:3:      layout_rooms, kennysheep_slug_shrine, first_ration, serial_undead,
          serial_undead_d, serial_undead_b, serial_undead_b, serial_undead_e,
          serial_undead_e
D:4:      layout_gridville, minivault_19, uniq_natasha
D:5:      layout_gridville, lemuel_crystal_altar, minmay_temple_entry_grid,
          chequers_serial_rivers_micro_b, minmay_increasing_density, uniq_ijyb,
          uniq_menkaure, uniq_pikel, uniq_sigmund

Skill      XL: |  1  2  3  4  5  6  7 |
---------------+----------------------+-----
Fire Magic     | 3 4 5 |  5.1
Conjurations   | 2 3 4 |  4.7
Fighting       | 1 2 |  2.0
Spellcasting   | 3 |  3.5
Dodging        | |  1.7
Stealth        | |  1.7

Action                   |  1- 3 |  4- 6 |  7- 9 || total
-------------------------+-------+-------+-------++-------
Melee: Unarmed           |    10 |       |       ||    10
       Club              |     1 |       |       ||     1
       Flail             |       |    20 |     2 ||    22
       Kick              |       |     6 |       ||     6
 Cast: Flame Tongue      |    38 |    40 |    17 ||    95
       Throw Flame       |    24 |    55 |     7 ||    86
       Conjure Flame     |       |     1 |       ||     1
       Sticky Flame      |       |       |     3 ||     3
  Eat: Chunk             |     4 |    10 |     2 ||    16
       Ration            |     1 |     1 |       ||     2
Armor: Robe              |     3 |     4 |       ||     7
Dodge: Dodged            |    20 |    22 |    13 ||    55
Block: Other             |       |       |     2 ||     2

Table legend:
 A = Non-vault XP
 B = Vault XP
 C = Vault XP percentage of total XP
 D = Non-vault monster count
 E = Vault monster count
 F = Vault count percentage of total count
                 A         B        C        D         E       F
            +---------+---------+-------+---------+---------+-------
      Total |     820 |      66 |   7.4 |      69 |      10 |  12.7
            +---------+---------+-------+---------+---------+-------
        D:1 |      33 |       2 |   5.7 |      20 |       2 |   9.1
        D:2 |      86 |       0 |   0.0 |      19 |       0 |   0.0
        D:3 |      99 |      28 |  22.0 |      11 |       7 |  38.9
        D:4 |     555 |      36 |   6.1 |      18 |       1 |   5.3
        D:5 |      47 |       0 |   0.0 |       1 |       0 |   0.0
            +---------+---------+-------+---------+---------+-------
